Wild vs Flames

Created - January 30 2008 at 18:35

Goals
1 2 3 T
Wild 1 0 1 2
Flames 0 2 2 4
Shots
1 2 3 T
Wild 7 7 12 26
Flames 4 12 11 27

Period #1

1. Wild , Olli Jokinen 23 (Brian Rolston, Mathieu Schneider) at 16:12

Penalties :
Robyn Regehr (CGY) for Interference (Minor) at 3:27, Robyn Regehr (CGY) for High sticking (Minor) at 6:52, Rhett Warrener (CGY) for Hooking (Minor) at 10:06, Marian Gaborik (MIN) for Slashing (Minor) at 10:25, Andrew Ference (CGY) for Hooking (Minor) at 19:06

Period #2

2. Flames , Kristian Huselius 28 (Matthew Lombardi, Bill Guerin) at 12:51
3. Flames , Daymond Langkow 14 (Jarome Iginla, Roman Hamrlik) at 16:08 (PP)

Penalties :
Rod Brind'Amour (MIN) for High sticking (Minor) at 1:22, Philippe Boucher (MIN) for Holding (Minor) at 1:56, Derek Armstrong (CGY) for Holding (Minor) at 6:51, Rod Brind'Amour (MIN) for High sticking (Minor) at 8:33, Sean Hill (MIN) for Hooking (Minor) at 15:13, Philippe Boucher (MIN) for Slashing (Minor) at 15:52, Sean Hill (MIN) for Hooking (Minor) at 16:28, Derek Armstrong (CGY) for High sticking (Minor) at 19:38

Period #3

4. Wild , Sean Hill 7 (Olli Jokinen, Mathieu Schneider) at 1:11 (PP)
5. Flames , Bill Guerin 22 (Jaroslav Modry, Jarome Iginla) at 14:02 (PP)
6. Flames , Dion Phaneuf 6 (Roman Hamrlik, Stephane Yelle) at 19:21 (Empty Net)

Penalties :
Robyn Regehr (CGY) for Slashing (Minor) at 0:57, Sean Hill (MIN) for Roughing (Minor) at 4:36, Sean Hill (MIN) for High sticking (Minor) at 7:02, Jozef Stumpel (MIN) for High sticking (Double Minor) at 10:55, Jarome Iginla (CGY) for Tripping (Minor) at 11:43

Goalie Stats

Manny Fernandez (MIN), 23 saves from 26 shots - (0.885), L, 5-11-2, 59:44 minutes
Miikka Kiprusoff (CGY), 24 saves from 26 shots - (0.923), W, 28-16-0, 60:00 minutes

Players Stats

Wild
Player Name              G  A  P  +/- PIM S  H  SB FO MP 
-----------------------------------------------------------
Brian Rolston            0  1  1  -1  0   5  1  1  5  23 
Chris Higgins            0  0  0  -1  0   2  1  0  2  18 
Chris Simon              0  0  0   0  0   3  1  0  1  14 
Duncan Keith             0  0  0   0  0   0  1  2  0  21 
Joe Sakic                0  0  0   0  0   3  1  0  29 20 
Jozef Stumpel            0  0  0   0  4   3  1  0  1  20 
Kim Johnsson             0  0  0   0  0   0  1  0  0  24 
Kurtis Foster            0  0  0   0  0   0  0  0  0  2  
Marian Gaborik           0  0  0   0  2   2  1  0  0  18 
Mathieu Schneider        0  2  2  -1  0   0  2  0  0  21 
Mikael Samuelsson        0  0  0   0  0   0  0  0  1  13 
Niclas Havelid           0  0  0   0  0   0  1  0  0  13 
Olli Jokinen             1  1  2  -1  0   6  1  0  36 24 
Patrick Rissmiller       0  0  0   0  0   0  0  0  0  1  
Philippe Boucher         0  0  0   0  4   1  1  1  0  22 
Rod Brind'Amour          0  0  0   0  4   0  1  1  22 20 
Sean Hill                1  0  1  -1  8   1  4  3  0  21 
Wes Walz                 0  0  0   0  0   0  0  0  0  2  
Flames
Player Name              G  A  P  +/- PIM S  H  SB FO MP 
-----------------------------------------------------------
Alex Tanguay             0  0  0   0  0   2  1  0  3  15 
Andrew Ference           0  0  0  -1  2   0  0  0  0  19 
Bill Guerin              1  1  2   1  0   2  2  0  1  17 
Daymond Langkow          1  0  1   0  0   6  0  1  32 23 
Derek Armstrong          0  0  0  -1  4   0  2  0  14 15 
Dion Phaneuf             1  0  1   1  0   3  0  0  0  24 
Jarome Iginla            0  2  2   0  2   2  2  0  4  15 
Jaroslav Modry           0  1  1   1  0   0  0  2  0  23 
Jussi Jokinen            0  0  0  -1  0   1  0  0  0  15 
Kristian Huselius        1  0  1   1  0   5  0  1  3  18 
Marcus Nilson            0  0  0   1  0   0  1  1  0  10 
Marek Svatos             0  0  0  -1  0   1  1  0  1  15 
Matthew Lombardi         0  1  1   1  0   2  1  0  21 16 
Mike Johnson             0  0  0   1  0   0  0  0  2  9  
Rhett Warrener           0  0  0  -1  2   1  4  0  0  15 
Robyn Regehr             0  0  0   1  6   1  0  1  0  21 
Roman Hamrlik            0  2  2   1  0   1  0  3  0  24 
Stephane Yelle           0  1  1   1  0   0  0  1  16 8  

3 Stars

1 - Bill Guerin (CGY)
2 - Sean Hill (MIN)
3 - Roman Hamrlik (CGY)

Power Play

Wild - 1 on 8 Attempt(s) - 12.50%
Flames - 2 on 10 Attempt(s) - 20.00%

Penalty Kill

Wild - 8 on 10 Attempt(s) - 80.00% - Score 0 goal in Penalty Kill
Flames - 7 on 8 Attempt(s) - 87.50% - Score 0 goal in Penalty Kill

Game Notes

Dion Phaneuf has scored in a empty net!

Finance

Level 1 -- Attendance: 6175 (95.00%) -- Ticket Income $555,750.00
Level 2 -- Attendance: 5171 (94.02%) -- Ticket Income $284,405.00
Level 3 -- Attendance: 1865 (66.97%) -- Ticket Income $55,950.00
Level 4 -- Attendance: 4000 (100.00%) -- Ticket Income $80,000.00
Luxury Box -- Attendance: 1038 (83.04%) -- Ticket Income $124,560.00
Game was played at the Pengrowth Saddledome
Total Attendance: 18249 (91.09%)
Total Ticket Income: $1,104,231.00
Other Income: $164,677.80
Total Income: $1,268,909.00


Play by Play

Period #1

0:01 of 1st period - Daymond Langkow wins face-off versus Joe Sakic in neutral zone.
1:00 of 1st period - Icing by Sean Hill.
1:01 of 1st period - Matthew Lombardi wins face-off versus Olli Jokinen in Wild zone.
1:06 of 1st period - Shot by Jaroslav Modry.
1:06 of 1st period - Shot Blocked by Sean Hill.
1:21 of 1st period - Off-side.
1:22 of 1st period - Derek Armstrong wins face-off versus Rod Brind'Amour in neutral zone.
1:27 of 1st period - Shot by Andrew Ference.
1:27 of 1st period - Shot Misses the Net.
1:39 of 1st period - Shot by Jussi Jokinen.
1:39 of 1st period - Shot Misses the Net.
1:50 of 1st period - Shot by Jussi Jokinen.
1:50 of 1st period - Shot Blocked by Duncan Keith.
1:55 of 1st period - Icing by Niclas Havelid.
1:56 of 1st period - Rod Brind'Amour wins face-off versus Matthew Lombardi in Wild zone.
2:29 of 1st period - Shot by Kristian Huselius.
2:29 of 1st period - Stopped by Manny Fernandez without a rebound.
2:30 of 1st period - Joe Sakic wins face-off versus Daymond Langkow in Wild zone.
2:30 of 1st period - Joe Sakic is hit by Jarome Iginla.
2:59 of 1st period - Shot by Marian Gaborik.
2:59 of 1st period - Stopped by Miikka Kiprusoff without a rebound.
3:00 of 1st period - Marek Svatos wins face-off versus Olli Jokinen in Flames zone.
3:17 of 1st period - Off-side.
3:18 of 1st period - Joe Sakic wins face-off versus Matthew Lombardi in neutral zone.
3:27 of 1st period - Minor Penalty to Robyn Regehr for Interference.
3:28 of 1st period - Olli Jokinen wins face-off versus Stephane Yelle in Flames zone.
3:31 of 1st period - Shot by Brian Rolston.
3:31 of 1st period - Stopped by Miikka Kiprusoff without a rebound.
3:32 of 1st period - Olli Jokinen wins face-off versus Daymond Langkow in Flames zone.
4:28 of 1st period - Marcus Nilson is hit by Jozef Stumpel and loses puck.
5:33 of 1st period - Rod Brind'Amour is hit by Rhett Warrener and loses puck.
5:43 of 1st period - Icing by Andrew Ference.
5:44 of 1st period - Derek Armstrong wins face-off versus Mikael Samuelsson in Flames zone.
5:44 of 1st period - Jussi Jokinen is hit by Chris Simon and loses puck.
6:10 of 1st period - Jussi Jokinen is hit by Duncan Keith.
6:21 of 1st period - Icing by Niclas Havelid.
6:22 of 1st period - Rod Brind'Amour wins face-off versus Bill Guerin in Wild zone.
6:22 of 1st period - Duncan Keith is hit by Matthew Lombardi and loses puck.
6:51 of 1st period - Shot by Marian Gaborik.
6:51 of 1st period - Shot Blocked by Robyn Regehr.
6:52 of 1st period - Minor Penalty to Robyn Regehr for High sticking.
6:53 of 1st period - Stephane Yelle wins face-off versus Olli Jokinen in Flames zone.
7:32 of 1st period - Shot by Chris Higgins.
7:32 of 1st period - Stopped by Miikka Kiprusoff without a rebound.
7:33 of 1st period - Joe Sakic wins face-off versus Daymond Langkow in Flames zone.
8:00 of 1st period - Shot by Marian Gaborik.
8:00 of 1st period - Shot Blocked by Jaroslav Modry.
8:33 of 1st period - Icing by Olli Jokinen.
8:34 of 1st period - Daymond Langkow wins face-off versus Olli Jokinen in Wild zone.
8:34 of 1st period - Daymond Langkow is hit by Mathieu Schneider.
8:46 of 1st period - Daymond Langkow is hit by Sean Hill and loses puck.
9:18 of 1st period - Icing by Robyn Regehr.
9:19 of 1st period - Matthew Lombardi wins face-off versus Chris Higgins in Flames zone.
9:34 of 1st period - Shot by Brian Rolston.
9:34 of 1st period - Shot Misses the Net.
9:58 of 1st period - Shot by Alex Tanguay.
9:58 of 1st period - Shot Blocked by Brian Rolston.
10:00 of 1st period - Shot by Daymond Langkow.
10:00 of 1st period - Stopped by Manny Fernandez without a rebound.
10:01 of 1st period - Joe Sakic wins face-off versus Derek Armstrong in Wild zone.
10:01 of 1st period - Joe Sakic is hit by Marek Svatos.
10:06 of 1st period - Minor Penalty to Rhett Warrener for Hooking.
10:07 of 1st period - Joe Sakic wins face-off versus Stephane Yelle in Flames zone.
10:25 of 1st period - Minor Penalty to Marian Gaborik for Slashing.
10:26 of 1st period - Jarome Iginla wins face-off versus Olli Jokinen in Flames zone.
11:43 of 1st period - Shot by Alex Tanguay.
11:43 of 1st period - Stopped by Manny Fernandez without a rebound.
11:44 of 1st period - Alex Tanguay wins face-off versus Brian Rolston in Wild zone.
11:56 of 1st period - Shot by Joe Sakic.
11:56 of 1st period - Shot Blocked by Kristian Huselius.
11:58 of 1st period - Shot by Joe Sakic.
11:58 of 1st period - Stopped by Miikka Kiprusoff without a rebound.
11:59 of 1st period - Rod Brind'Amour wins face-off versus Alex Tanguay in Flames zone.
12:04 of 1st period - Shot by Rod Brind'Amour.
12:04 of 1st period - Shot Misses the Net.
12:12 of 1st period - Shot by Bill Guerin.
12:12 of 1st period - Stopped by Manny Fernandez without a rebound.
12:13 of 1st period - Daymond Langkow wins face-off versus Rod Brind'Amour in Wild zone.
12:18 of 1st period - Shot by Jarome Iginla.
12:18 of 1st period - Shot Misses the Net.
12:20 of 1st period - Shot by Daymond Langkow.
12:20 of 1st period - Shot Blocked by Sean Hill.
12:22 of 1st period - Shot by Jarome Iginla.
12:22 of 1st period - Shot Misses the Net.
16:07 of 1st period - Brian Rolston is hit by Rhett Warrener and loses puck.
16:12 of 1st period - Shot by Olli Jokinen.
16:12 of 1st period - Goal by Olli Jokinen - Wild : 1 - Flames : 0.
16:13 of 1st period - Mike Johnson wins face-off versus Joe Sakic in neutral zone.
16:58 of 1st period - Jussi Jokinen is hit by Kim Johnsson and loses puck.
17:43 of 1st period - Shot by Olli Jokinen.
17:43 of 1st period - Stopped by Miikka Kiprusoff without a rebound.
17:44 of 1st period - Rod Brind'Amour wins face-off versus Daymond Langkow in Flames zone.
18:51 of 1st period - Icing by Olli Jokinen.
18:52 of 1st period - Olli Jokinen wins face-off versus Stephane Yelle in Wild zone.
19:01 of 1st period - Shot by Brian Rolston.
19:01 of 1st period - Shot Hit the Post.
19:03 of 1st period - Shot by Mathieu Schneider.
19:03 of 1st period - Shot Blocked by Roman Hamrlik.
19:05 of 1st period - Shot by Brian Rolston.
19:05 of 1st period - Stopped by Miikka Kiprusoff without a rebound.
19:06 of 1st period - Rod Brind'Amour wins face-off versus Derek Armstrong in Flames zone.
19:06 of 1st period - Minor Penalty to Andrew Ference for Hooking.
19:07 of 1st period - Stephane Yelle wins face-off versus Olli Jokinen in Flames zone.

Period #2

0:01 of 2nd period - Joe Sakic wins face-off versus Stephane Yelle in neutral zone.
0:26 of 2nd period - Shot by Marian Gaborik.
0:26 of 2nd period - Stopped by Miikka Kiprusoff without a rebound.
0:27 of 2nd period - Stephane Yelle wins face-off versus Olli Jokinen in Flames zone.
0:27 of 2nd period - Stephane Yelle is hit by Brian Rolston.
1:21 of 2nd period - Shot by Chris Simon.
1:21 of 2nd period - Shot Misses the Net.
1:22 of 2nd period - Minor Penalty to Rod Brind'Amour for High sticking.
1:23 of 2nd period - Olli Jokinen wins face-off versus Daymond Langkow in Flames zone.
1:33 of 2nd period - Icing by Dion Phaneuf.
1:34 of 2nd period - Jarome Iginla wins face-off versus Joe Sakic in Flames zone.
1:56 of 2nd period - Minor Penalty to Philippe Boucher for Holding.
1:57 of 2nd period - Matthew Lombardi wins face-off versus Joe Sakic in Wild zone.
2:06 of 2nd period - Shot by Robyn Regehr.
2:06 of 2nd period - Shot Misses the Net.
2:52 of 2nd period - Alex Tanguay is hit by Marian Gaborik.
3:00 of 2nd period - Shot by Roman Hamrlik.
3:00 of 2nd period - Shot Misses the Net.
3:02 of 2nd period - Shot by Daymond Langkow.
3:02 of 2nd period - Stopped by Manny Fernandez without a rebound.
3:03 of 2nd period - Daymond Langkow wins face-off versus Olli Jokinen in Wild zone.
3:28 of 2nd period - Olli Jokinen is hit by Alex Tanguay.
3:35 of 2nd period - Icing by Dion Phaneuf.
3:36 of 2nd period - Rod Brind'Amour wins face-off versus Daymond Langkow in Flames zone.
3:54 of 2nd period - Icing by Jaroslav Modry.
3:55 of 2nd period - Rod Brind'Amour wins face-off versus Matthew Lombardi in Flames zone.
3:58 of 2nd period - Shot by Brian Rolston.
3:58 of 2nd period - Shot Misses the Net.
4:55 of 2nd period - Shot by Brian Rolston.
4:55 of 2nd period - Shot Misses the Net.
4:59 of 2nd period - Shot by Olli Jokinen.
4:59 of 2nd period - Stopped by Miikka Kiprusoff without a rebound.
5:00 of 2nd period - Joe Sakic wins face-off versus Stephane Yelle in Flames zone.
5:40 of 2nd period - Icing by Philippe Boucher.
5:41 of 2nd period - Matthew Lombardi wins face-off versus Joe Sakic in Wild zone.
6:51 of 2nd period - Minor Penalty to Derek Armstrong for Holding.
6:52 of 2nd period - Stephane Yelle wins face-off versus Brian Rolston in Wild zone.
7:33 of 2nd period - Shot by Olli Jokinen.
7:33 of 2nd period - Stopped by Miikka Kiprusoff with a rebound.
7:35 of 2nd period - Shot by Brian Rolston.
7:35 of 2nd period - Stopped by Miikka Kiprusoff without a rebound.
7:36 of 2nd period - Olli Jokinen wins face-off versus Daymond Langkow in Flames zone.
7:59 of 2nd period - Shot by Brian Rolston.
7:59 of 2nd period - Shot Misses the Net.
8:03 of 2nd period - Shot by Mathieu Schneider.
8:03 of 2nd period - Shot Misses the Net.
8:05 of 2nd period - Shot by Brian Rolston.
8:05 of 2nd period - Deflect By Olli Jokinen.
8:05 of 2nd period - Shot Misses the Net.
8:33 of 2nd period - Minor Penalty to Rod Brind'Amour for High sticking.
8:34 of 2nd period - Jarome Iginla wins face-off versus Joe Sakic in Flames zone.
8:40 of 2nd period - Off-side.
8:41 of 2nd period - Joe Sakic wins face-off versus Jarome Iginla in neutral zone.
8:51 of 2nd period - Icing by Roman Hamrlik.
8:52 of 2nd period - Brian Rolston wins face-off versus Matthew Lombardi in Flames zone.
9:35 of 2nd period - Icing by Matthew Lombardi.
9:36 of 2nd period - Olli Jokinen wins face-off versus Matthew Lombardi in Flames zone.
10:39 of 2nd period - Shot by Marek Svatos.
10:39 of 2nd period - Stopped by Manny Fernandez without a rebound.
10:40 of 2nd period - Rod Brind'Amour wins face-off versus Derek Armstrong in Wild zone.
11:38 of 2nd period - Off-side.
11:39 of 2nd period - Olli Jokinen wins face-off versus Stephane Yelle in neutral zone.
11:42 of 2nd period - Shot by Olli Jokinen.
11:42 of 2nd period - Stopped by Miikka Kiprusoff without a rebound.
11:43 of 2nd period - Daymond Langkow wins face-off versus Olli Jokinen in Flames zone.
12:08 of 2nd period - Shot by Daymond Langkow.
12:08 of 2nd period - Stopped by Manny Fernandez without a rebound.
12:09 of 2nd period - Matthew Lombardi wins face-off versus Joe Sakic in Wild zone.
12:10 of 2nd period - Shot by Kristian Huselius.
12:10 of 2nd period - Stopped by Manny Fernandez without a rebound.
12:11 of 2nd period - Matthew Lombardi wins face-off versus Joe Sakic in Wild zone.
12:11 of 2nd period - Bill Guerin is hit by Philippe Boucher and loses puck.
12:16 of 2nd period - Shot by Matthew Lombardi.
12:16 of 2nd period - Shot Misses the Net.
12:20 of 2nd period - Shot by Bill Guerin.
12:20 of 2nd period - Shot Misses the Net.
12:22 of 2nd period - Shot by Matthew Lombardi.
12:22 of 2nd period - Deflect By Kristian Huselius.
12:22 of 2nd period - Stopped by Manny Fernandez without a rebound.
12:23 of 2nd period - Rod Brind'Amour wins face-off versus Stephane Yelle in Wild zone.
12:23 of 2nd period - Rod Brind'Amour is hit by Marcus Nilson.
12:28 of 2nd period - Off-side.
12:29 of 2nd period - Chris Higgins wins face-off versus Matthew Lombardi in neutral zone.
12:51 of 2nd period - Shot by Kristian Huselius.
12:51 of 2nd period - Goal by Kristian Huselius - Wild : 1 - Flames : 1.
12:52 of 2nd period - Joe Sakic wins face-off versus Daymond Langkow in neutral zone.
13:15 of 2nd period - Shot by Jarome Iginla.
13:15 of 2nd period - Shot Blocked by Philippe Boucher.
13:17 of 2nd period - Shot by Dion Phaneuf.
13:17 of 2nd period - Stopped by Manny Fernandez without a rebound.
13:18 of 2nd period - Derek Armstrong wins face-off versus Rod Brind'Amour in Wild zone.
13:18 of 2nd period - Jussi Jokinen is hit by Niclas Havelid.
14:15 of 2nd period - Icing by Andrew Ference.
14:16 of 2nd period - Joe Sakic wins face-off versus Derek Armstrong in Flames zone.
14:26 of 2nd period - Shot by Jozef Stumpel.
14:26 of 2nd period - Stopped by Miikka Kiprusoff without a rebound.
14:27 of 2nd period - Olli Jokinen wins face-off versus Daymond Langkow in Flames zone.
14:35 of 2nd period - Alex Tanguay is hit by Sean Hill and loses puck.
14:56 of 2nd period - Shot by Jarome Iginla.
14:56 of 2nd period - Shot Misses the Net.
15:11 of 2nd period - Alex Tanguay is hit by Mathieu Schneider and loses puck.
15:13 of 2nd period - Minor Penalty to Sean Hill for Hooking.
15:14 of 2nd period - Matthew Lombardi wins face-off versus Olli Jokinen in Wild zone.
15:35 of 2nd period - Jaroslav Modry is hit by Olli Jokinen and loses puck.
15:52 of 2nd period - Shot by Matthew Lombardi.
15:52 of 2nd period - Stopped by Manny Fernandez without a rebound.
15:52 of 2nd period - Minor Penalty to Philippe Boucher for Slashing.
15:53 of 2nd period - Rod Brind'Amour wins face-off versus Daymond Langkow in Wild zone.
16:04 of 2nd period - Shot by Jarome Iginla.
16:04 of 2nd period - Shot Blocked by Duncan Keith.
16:06 of 2nd period - Shot by Roman Hamrlik.
16:06 of 2nd period - Stopped by Manny Fernandez with a rebound.
16:08 of 2nd period - Shot by Jarome Iginla.
16:08 of 2nd period - Deflect By Daymond Langkow.
16:08 of 2nd period - Goal by Daymond Langkow - Wild : 1 - Flames : 2.
16:09 of 2nd period - Matthew Lombardi wins face-off versus Rod Brind'Amour in neutral zone.
16:28 of 2nd period - Minor Penalty to Sean Hill for Hooking.
16:29 of 2nd period - Daymond Langkow wins face-off versus Rod Brind'Amour in Wild zone.
16:34 of 2nd period - Shot by Dion Phaneuf.
16:34 of 2nd period - Shot Misses the Net.
16:36 of 2nd period - Shot by Daymond Langkow.
16:36 of 2nd period - Stopped by Manny Fernandez without a rebound.
16:37 of 2nd period - Rod Brind'Amour wins face-off versus Daymond Langkow in Wild zone.
16:50 of 2nd period - Shot by Alex Tanguay.
16:50 of 2nd period - Stopped by Manny Fernandez without a rebound.
16:51 of 2nd period - Matthew Lombardi wins face-off versus Rod Brind'Amour in Wild zone.
17:40 of 2nd period - Icing by Roman Hamrlik.
17:41 of 2nd period - Rod Brind'Amour wins face-off versus Daymond Langkow in Flames zone.
18:13 of 2nd period - Shot by Daymond Langkow.
18:13 of 2nd period - Shot Misses the Net.
18:17 of 2nd period - Shot by Jarome Iginla.
18:17 of 2nd period - Shot Misses the Net.
19:38 of 2nd period - Minor Penalty to Derek Armstrong for High sticking.
19:39 of 2nd period - Daymond Langkow wins face-off versus Joe Sakic in Wild zone.
19:52 of 2nd period - Shot by Jozef Stumpel.
19:52 of 2nd period - Stopped by Miikka Kiprusoff without a rebound.
19:53 of 2nd period - Olli Jokinen wins face-off versus Daymond Langkow in Flames zone.

Period #3

0:01 of 3rd period - Joe Sakic wins face-off versus Stephane Yelle in neutral zone.
0:25 of 3rd period - Shot by Philippe Boucher.
0:25 of 3rd period - Stopped by Miikka Kiprusoff without a rebound.
0:26 of 3rd period - Stephane Yelle wins face-off versus Olli Jokinen in Flames zone.
0:43 of 3rd period - Shot by Brian Rolston.
0:43 of 3rd period - Stopped by Miikka Kiprusoff without a rebound.
0:44 of 3rd period - Joe Sakic wins face-off versus Daymond Langkow in Flames zone.
0:52 of 3rd period - Icing by Kim Johnsson.
0:53 of 3rd period - Joe Sakic wins face-off versus Daymond Langkow in Wild zone.
0:57 of 3rd period - Minor Penalty to Robyn Regehr for Slashing.
0:58 of 3rd period - Olli Jokinen wins face-off versus Stephane Yelle in Flames zone.
0:59 of 3rd period - Shot by Mathieu Schneider.
0:59 of 3rd period - Shot Misses the Net.
1:01 of 3rd period - Shot by Mathieu Schneider.
1:01 of 3rd period - Shot Blocked by Roman Hamrlik.
1:03 of 3rd period - Shot by Olli Jokinen.
1:03 of 3rd period - Shot Blocked by Stephane Yelle.
1:05 of 3rd period - Shot by Olli Jokinen.
1:05 of 3rd period - Shot Blocked by Roman Hamrlik.
1:09 of 3rd period - Shot by Olli Jokinen.
1:09 of 3rd period - Shot Misses the Net.
1:11 of 3rd period - Shot by Sean Hill.
1:11 of 3rd period - Goal by Sean Hill - Wild : 2 - Flames : 2.
1:12 of 3rd period - Daymond Langkow wins face-off versus Jozef Stumpel in neutral zone.
1:12 of 3rd period - Dion Phaneuf is hit by Joe Sakic and loses puck.
1:25 of 3rd period - Shot by Philippe Boucher.
1:25 of 3rd period - Shot Misses the Net.
1:27 of 3rd period - Shot by Kim Johnsson.
1:27 of 3rd period - Shot Misses the Net.
1:45 of 3rd period - Shot by Marian Gaborik.
1:45 of 3rd period - Shot Blocked by Marcus Nilson.
1:47 of 3rd period - Shot by Philippe Boucher.
1:47 of 3rd period - Shot Blocked by Daymond Langkow.
1:49 of 3rd period - Shot by Joe Sakic.
1:49 of 3rd period - Stopped by Miikka Kiprusoff with a rebound.
1:51 of 3rd period - Shot by Jozef Stumpel.
1:51 of 3rd period - Shot Misses the Net.
1:53 of 3rd period - Shot by Jozef Stumpel.
1:53 of 3rd period - Stopped by Miikka Kiprusoff without a rebound.
1:54 of 3rd period - Stephane Yelle wins face-off versus Olli Jokinen in Flames zone.
1:54 of 3rd period - Stephane Yelle is hit by Chris Higgins.
2:04 of 3rd period - Shot by Stephane Yelle.
2:04 of 3rd period - Shot Blocked by Sean Hill.
2:24 of 3rd period - Shot by Olli Jokinen.
2:24 of 3rd period - Stopped by Miikka Kiprusoff without a rebound.
2:25 of 3rd period - Joe Sakic wins face-off versus Daymond Langkow in Flames zone.
2:49 of 3rd period - Shot by Philippe Boucher.
2:49 of 3rd period - Shot Blocked by Jaroslav Modry.
2:51 of 3rd period - Shot by Jozef Stumpel.
2:51 of 3rd period - Shot Misses the Net.
3:03 of 3rd period - Shot by Mikael Samuelsson.
3:03 of 3rd period - Shot Misses the Net.
3:30 of 3rd period - Mikael Samuelsson is hit by Rhett Warrener and loses puck.
4:17 of 3rd period - Shot by Brian Rolston.
4:17 of 3rd period - Stopped by Miikka Kiprusoff without a rebound.
4:18 of 3rd period - Olli Jokinen wins face-off versus Daymond Langkow in Flames zone.
4:36 of 3rd period - Minor Penalty to Sean Hill for Roughing.
4:37 of 3rd period - Daymond Langkow wins face-off versus Olli Jokinen in Wild zone.
4:38 of 3rd period - Shot by Dion Phaneuf.
4:38 of 3rd period - Stopped by Manny Fernandez without a rebound.
4:39 of 3rd period - Daymond Langkow wins face-off versus Olli Jokinen in Wild zone.
5:47 of 3rd period - Icing by Matthew Lombardi.
5:48 of 3rd period - Matthew Lombardi wins face-off versus Olli Jokinen in Flames zone.
5:57 of 3rd period - Shot by Bill Guerin.
5:57 of 3rd period - Shot Misses the Net.
6:17 of 3rd period - Shot by Jarome Iginla.
6:17 of 3rd period - Stopped by Manny Fernandez without a rebound.
6:18 of 3rd period - Daymond Langkow wins face-off versus Olli Jokinen in Wild zone.
6:44 of 3rd period - Derek Armstrong is hit by Sean Hill and loses puck.
6:48 of 3rd period - Icing by Sean Hill.
6:49 of 3rd period - Joe Sakic wins face-off versus Derek Armstrong in Wild zone.
7:02 of 3rd period - Minor Penalty to Sean Hill for High sticking.
7:03 of 3rd period - Matthew Lombardi wins face-off versus Olli Jokinen in Wild zone.
7:04 of 3rd period - Shot by Kristian Huselius.
7:04 of 3rd period - Stopped by Manny Fernandez with a rebound.
7:06 of 3rd period - Shot by Matthew Lombardi.
7:06 of 3rd period - Shot Misses the Net.
7:49 of 3rd period - Kim Johnsson is hit by Bill Guerin and loses puck.
8:21 of 3rd period - Icing by Jarome Iginla.
8:22 of 3rd period - Rod Brind'Amour wins face-off versus Daymond Langkow in Flames zone.
9:02 of 3rd period - Icing by Daymond Langkow.
9:03 of 3rd period - Rod Brind'Amour wins face-off versus Derek Armstrong in Flames zone.
9:12 of 3rd period - Shot by Chris Simon.
9:12 of 3rd period - Stopped by Miikka Kiprusoff with a rebound.
9:16 of 3rd period - Shot by Rod Brind'Amour.
9:16 of 3rd period - Deflect By Chris Simon.
9:16 of 3rd period - Stopped by Miikka Kiprusoff with a rebound.
10:06 of 3rd period - Shot by Brian Rolston.
10:06 of 3rd period - Shot Misses the Net.
10:08 of 3rd period - Shot by Sean Hill.
10:08 of 3rd period - Shot Misses the Net.
10:55 of 3rd period - Double Minor Penalty to Jozef Stumpel for High sticking.
10:56 of 3rd period - Daymond Langkow wins face-off versus Brian Rolston in Flames zone.
11:17 of 3rd period - Shot by Jarome Iginla.
11:17 of 3rd period - Shot Blocked by Rod Brind'Amour.
11:19 of 3rd period - Shot by Jarome Iginla.
11:19 of 3rd period - Stopped by Manny Fernandez without a rebound.
11:20 of 3rd period - Olli Jokinen wins face-off versus Matthew Lombardi in Wild zone.
11:41 of 3rd period - Shot by Robyn Regehr.
11:41 of 3rd period - Stopped by Manny Fernandez without a rebound.
11:42 of 3rd period - Olli Jokinen wins face-off versus Daymond Langkow in Wild zone.
11:42 of 3rd period - Olli Jokinen is hit by Jarome Iginla.
11:43 of 3rd period - Minor Penalty to Jarome Iginla for Tripping.
11:44 of 3rd period - Alex Tanguay wins face-off versus Brian Rolston in Wild zone.
12:59 of 3rd period - Icing by Kim Johnsson.
13:00 of 3rd period - Olli Jokinen wins face-off versus Kristian Huselius in Wild zone.
13:48 of 3rd period - Shot by Matthew Lombardi.
13:48 of 3rd period - Stopped by Manny Fernandez without a rebound.
13:49 of 3rd period - Joe Sakic wins face-off versus Matthew Lombardi in Wild zone.
14:02 of 3rd period - Shot by Bill Guerin.
14:02 of 3rd period - Goal by Bill Guerin - Wild : 2 - Flames : 3.
14:03 of 3rd period - Derek Armstrong wins face-off versus Chris Simon in neutral zone.
14:22 of 3rd period - Shot by Chris Simon.
14:22 of 3rd period - Stopped by Miikka Kiprusoff without a rebound.
14:23 of 3rd period - Joe Sakic wins face-off versus Kristian Huselius in Flames zone.
14:24 of 3rd period - Shot by Marian Gaborik.
14:24 of 3rd period - Shot Misses the Net.
14:37 of 3rd period - Shot by Joe Sakic.
14:37 of 3rd period - Stopped by Miikka Kiprusoff without a rebound.
14:38 of 3rd period - Olli Jokinen wins face-off versus Derek Armstrong in Flames zone.
15:08 of 3rd period - Derek Armstrong is hit by Sean Hill.
15:17 of 3rd period - Icing by Brian Rolston.
15:18 of 3rd period - Mike Johnson wins face-off versus Olli Jokinen in Wild zone.
16:22 of 3rd period - Icing by Robyn Regehr.
16:23 of 3rd period - Kristian Huselius wins face-off versus Joe Sakic in Flames zone.
16:39 of 3rd period - Icing by Philippe Boucher.
16:40 of 3rd period - Joe Sakic wins face-off versus Derek Armstrong in Wild zone.
16:40 of 3rd period - Joe Sakic is hit by Derek Armstrong.
16:50 of 3rd period - Icing by Rhett Warrener.
16:51 of 3rd period - Olli Jokinen wins face-off versus Derek Armstrong in Flames zone.
16:51 of 3rd period - Olli Jokinen is hit by Rhett Warrener.
17:19 of 3rd period - Shot by Jussi Jokinen.
17:19 of 3rd period - Stopped by Manny Fernandez without a rebound.
17:20 of 3rd period - Joe Sakic wins face-off versus Matthew Lombardi in Wild zone.
17:34 of 3rd period - Joe Sakic is hit by Bill Guerin.
18:22 of 3rd period - Shot by Jarome Iginla.
18:22 of 3rd period - Deflect By Daymond Langkow.
18:22 of 3rd period - Stopped by Manny Fernandez without a rebound.
18:23 of 3rd period - Rod Brind'Amour wins face-off versus Derek Armstrong in Wild zone.
18:23 of 3rd period - Rod Brind'Amour is hit by Derek Armstrong.
18:29 of 3rd period - Marek Svatos is hit by Rod Brind'Amour and loses puck.
18:50 of 3rd period - Shot by Marek Svatos.
18:50 of 3rd period - Shot Misses the Net.
18:52 of 3rd period - Shot by Marek Svatos.
18:52 of 3rd period - Shot Misses the Net.
18:54 of 3rd period - Shot by Rhett Warrener.
18:54 of 3rd period - Stopped by Manny Fernandez without a rebound.
18:55 of 3rd period - Daymond Langkow wins face-off versus Olli Jokinen in Wild zone.
19:05 of 3rd period - Wild, Manny Fernandez is pulled from the net.
19:07 of 3rd period - Shot by Chris Higgins.
19:07 of 3rd period - Stopped by Miikka Kiprusoff without a rebound.
19:08 of 3rd period - Stephane Yelle wins face-off versus Olli Jokinen in Flames zone.
19:21 of 3rd period - Shot by Dion Phaneuf.
19:21 of 3rd period - Goal by Dion Phaneuf - Wild : 2 - Flames : 4.
19:21 of 3rd period - Manny Fernandez from Wild was sent back in the game.
19:22 of 3rd period - Rod Brind'Amour wins face-off versus Matthew Lombardi in neutral zone.


Output by the SimonT Hockey Simulator (STHS) for Stephane Roy -- Original Page W3C XHTML 1.0 Valid